[Event "Team 45 45 League T42"]
[Site "Internet Chess Club"]
[Date "2009.08.18"]
[Round "3"]
[White "nas3"]
[Black "Marichan"]
[Result "0-1"]
[WhiteElo "1758"]
[BlackElo "1931"]
[Opening "Pirc defense"]
[ECO "B07"]
[Time "16:00:34"]
[TimeControl "2700+45"]

1. e4 d6 2. d4 Nf6 3. Nc3 g6 4. f3 c6 5. Be3 b5 6. a3 Nbd7 7. Qd2 Bb7 8. Nh3 a5
9. Bd3 b4 10. Ne2 Qb6 11. O-O Bg7 12. Kh1 O-O 13. Bh6 c5 14. Bxg7 Kxg7 15. d5
Ne5 16. c4 Ba6 17. b3 Nxd3 18. Qxd3 Rad8 19. a4 e6 20. Rae1 exd5 21. exd5 Rfe8
22. Ng3 Nd7 23. Qd2 Ne5 24. Qg5 Nd7 25. Nh5+ Kh8 26. Nf6 Nxf6 27. Qxf6+ Kg8 28.
Re7 Rxe7 29. Qxe7 Rf8 30. Re1 Qd8 31. Ng5 h6 32. Qxd8 Rxd8 33. Ne4 f5 34. Nf2
Kf7 35. Kg1 Re8 36. Rxe8 Kxe8 37. Kf1 Ke7 38. Ke2 Kf6 39. f4 Bc8 40. Ke3 Bd7 41.
g4 fxg4 42. Ne4+ Ke7 43. Kf2 Bf5 44. Nd2 Kf6 {White resigns} 0-1

[Event "Team 45 45 League T42"]
[Site "Internet Chess Club"]
[Date "2009.08.14"]
[Round "3"]
[White "hooverman4"]
[Black "OOB1"]
[Result "1-0"]
[WhiteElo "1571"]
[BlackElo "1504"]
[Opening "Sicilian: Alapin's variation (2.c3)"]
[ECO "B22"]
[Time "19:00:53"]
[TimeControl "2700+45"]

1. e4 c5 2. c3 Nc6 3. d3 e6 4. Nf3 Nf6 5. e5 Ng4 6. d4 cxd4 7. cxd4 d6 8. h3 Nh6
9. Bxh6 gxh6 10. Bb5 Qb6 11. b3 Qxb5 12. a4 Qb6 13. O-O Bg7 14. Re1 dxe5 15.
dxe5 Qc5 16. Ra2 Nxe5 17. Nxe5 Bxe5 18. Rc2 Qd4 19. Qh5 Bg7 20. Rd2 Qf6 21. Qb5+
Kf8 22. Qc5+ Qe7 23. Rd8# {Black checkmated} 1-0

[Event "Team 45 45 League T42"]
[Site "Internet Chess Club"]
[Date "2009.08.13"]
[Round "3"]
[White "otib2006"]
[Black "FractalDante"]
[Result "0-1"]
[WhiteElo "1220"]
[BlackElo "1529"]
[Opening "Queen's pawn game"]
[ECO "D04"]
[Time "16:02:42"]
[TimeControl "2700+45"]

1. d4 d5 2. e3 Nf6 3. Nf3 Bg4 4. Nbd2 e6 5. Bd3 c5 6. b3 cxd4 7. exd4 Nc6 8. Bb2
Rc8 9. h3 Bxf3 10. Nxf3 Nb4 11. Bb5+ Nc6 12. O-O a6 13. Bxc6+ Rxc6 14. c4 dxc4
15. Ne5 Rc7 16. Nxc4 Be7 17. Qf3 Nd5 18. Qg3 O-O 19. Bc1 b5 20. Bh6 Bf6 21. Nd6
Rc3 22. Ne4 Rxg3 23. Nxf6+ Nxf6 24. Bxg7 Rxg7 25. Rad1 Nd5 26. Rfe1 Kh8 27. Rc1
Nb4 28. Re3 Qxd4 29. Rce1 Qb6 30. Re4 Rfg8 31. Rxb4 Rxg2+ 32. Kh1 Qxf2 33. Rg4
Rh2# {White checkmated} 0-1

[Event "Team 45 45 League T42"]
[Site "Internet Chess Club"]
[Date "2009.08.16"]
[Round "3"]
[White "jorobo"]
[Black "f5"]
[Result "0-1"]
[WhiteElo "2164"]
[BlackElo "2173"]
[Opening "Dutch: Leningrad, main variation"]
[ECO "A87"]
[Time "23:06:33"]
[TimeControl "2700+45"]

1. c4 f5 2. d4 Nf6 3. g3 g6 4. Bg2 Bg7 5. Nf3 d6 6. O-O O-O 7. Nc3 Qe8 8. d5 Na6
9. Rb1 c6 10. dxc6 bxc6 11. b4 Bd7 12. b5 cxb5 13. cxb5 Nc5 14. Nd4 Rc8 15. Nc6
Bxc6 16. Bxc6 Qf7 17. Be3 Ng4 18. Bd4 Bxd4 19. Qxd4 Qg7 20. e3 Ne5 21. Bg2 Kh8
22. Ne2 e6 23. Rfd1 d5 24. Rbc1 Nc4 25. Bf1 Ne4 26. Qxg7+ Kxg7 27. Nd4 Kf6 28.
Nc6 Ned6 29. Bxc4 Nxc4 30. Nxa7 Ra8 31. Nc6 Rxa2 32. Ra1 Rb2 33. Rdb1 Rxb1+ 34.
Rxb1 Rf7 35. f4 Rb7 36. Rb3 Nd6 37. Nd4 e5 38. fxe5+ Kxe5 39. Kf2 Ne4+ 40. Ke2
Kd6 41. Rb2 Nc5 42. Kf3 Nd3 43. Rb3 Ne5+ 44. Kf4 Nc4 45. h4 Re7 {White forfeits
on time} 0-1

[Event "Team 45 45 League T42"]
[Site "Internet Chess Club"]
[Date "2009.08.15"]
[Round "3"]
[White "bobhill"]
[Black "chess92192"]
[Result "1/2-1/2"]
[WhiteElo "2035"]
[BlackElo "1933"]
[Opening "Queen's pawn: Torre attack"]
[ECO "A40"]
[Time "13:00:38"]
[TimeControl "2700+45"]

1. d4 e6 2. Nf3 Nf6 3. Bg5 c5 4. e3 Be7 5. c3 b6 6. Nbd2 Bb7 7. Bd3 Nc6 8. O-O
O-O 9. Bxf6 Bxf6 10. dxc5 bxc5 11. Ne4 Be7 12. Bc2 d5 13. Ng3 Qc7 14. h4 h6 15.
Nh5 f5 16. Nf4 Rf6 17. Bb3 c4 18. Bc2 Bd6 19. Nh5 Rf7 20. g3 Raf8 21. Nd4 Nxd4
22. exd4 g6 23. Qe2 gxh5 24. Qxe6 Kg7 25. Qe2 Rf6 26. f4 Qf7 27. Bd1 Re8 28.
Qxh5 Qxh5 29. Bxh5 Re3 30. Kf2 Rfe6 31. Bf3 Kf6 32. Kg2 Bc6 33. Rf2 Re1 34. Rxe1
Rxe1 35. a3 a5 36. Kh3 Rc1 37. Re2 Bxa3 38. bxa3 Rxc3 39. Rb2 Rb3 40. Rxb3 cxb3
41. Be2 b2 42. Bd3 Bb5 43. Bb1 Bf1+ 44. Kh2 Kg6 45. Kg1 Bh3 46. Kf2 Kh5 47. Bc2
Bg4 48. Ke3 Bh3 49. Kf2 Bg4 50. Kg2 Kg6 51. Kf2 Kh5 {Game drawn by repetition}
1/2-1/2

[Event "Team 45 45 League T42"]
[Site "Internet Chess Club"]
[Date "2009.08.16"]
[Round "3"]
[White "hewdondada"]
[Black "bgolev"]
[Result "1/2-1/2"]
[WhiteElo "1753"]
[BlackElo "1833"]
[Opening "Nimzo-Indian: Leningrad variation"]
[ECO "E30"]
[Time "20:34:00"]
[TimeControl "2700+45"]

1. d4 e6 2. c4 Nf6 3. Bg5 Bb4+ 4. Nc3 h6 5. Bd2 c5 6. e3 O-O 7. Nf3 d5 8. Bd3
dxc4 9. Bxc4 cxd4 10. Nxd4 e5 11. Nde2 Nc6 12. O-O Bf5 13. a3 Bxc3 14. Bxc3 Ne4
15. Be1 Qe7 16. f3 Rfd8 17. Qc1 Nd6 18. Ba2 Rac8 19. e4 Be6 20. Bxe6 Qxe6 21.
Qe3 Nb5 22. Bc3 Nxc3 23. Nxc3 Nd4 24. Rad1 Qb3 25. Nd5 Qxe3+ 26. Nxe3 Kf8 {Game
drawn by mutual agreement} 1/2-1/2

[Event "Team 45 45 League T42"]
[Site "Internet Chess Club"]
[Date "2009.08.15"]
[Round "3"]
[White "Beetlejuice"]
[Black "mugurelt"]
[Result "1/2-1/2"]
[WhiteElo "1862"]
[BlackElo "1736"]
[Opening "Catalan opening"]
[ECO "E00"]
[Time "16:00:12"]
[TimeControl "2700+45"]

1. d4 Nf6 2. c4 e6 3. g3 c5 4. Nf3 Nc6 5. Bg2 cxd4 6. Nxd4 Bb4+ 7. Nc3 Qa5 8.
Nxc6 bxc6 9. Bd2 Ba6 10. a3 Bxc3 11. Bxc3 Qc5 12. Rc1 Qf5 13. O-O O-O 14. Bxf6
Qxf6 15. Qxd7 Rac8 16. Qxa7 Ra8 17. Qb6 Rfb8 18. Qxc6 Bb7 19. Qc7 Bxg2 20. Kxg2
Rxb2 21. Rb1 g6 22. Rxb2 Qxb2 23. Rd1 Qxe2 24. Rd8+ Rxd8 25. Qxd8+ Kg7 26. Qd4+
e5 27. Qe3 Qxc4 28. Qxe5+ Kg8 29. Qb8+ Kg7 30. Qa8 h5 31. h4 f5 32. Qb7+ Kf6 33.
Qb6+ Kg7 34. Qb4 Qc6+ 35. Kh2 Qf3 36. Qe7+ Kg8 37. Qc5 Qa8 38. Qb4 Qf3 39. Qc4+
Kg7 40. Qd4+ Kg8 41. Qe3 Qa8 42. Kg1 Qa4 43. Kf1 Qd1+ 44. Kg2 Qa4 45. Qe6+ Kg7
46. Qe7+ Kg8 47. Qb4 Qa8+ 48. Kg1 Kh7 49. a4 Qf3 50. Qd4 Qa8 51. Kf1 Qh1+ 52.
Ke2 Qa8 53. Kd3 Qa6+ 54. Kc3 Qa5+ 55. Kb3 Qa8 56. Qc5 Qf3+ 57. Kb4 Qe4+ 58. Kb5
Qe8+ 59. Kb4 {Game drawn by mutual agreement} 1/2-1/2

[Event "Team 45 45 League T42"]
[Site "Internet Chess Club"]
[Date "2009.08.17"]
[Round "3"]
[White "Majamutu"]
[Black "imgr8"]
[Result "0-1"]
[WhiteElo "2027"]
[BlackElo "1992"]
[Opening "Sicilian: Labourdonnais-Löwenthal (Kalashnikov) variation"]
[ECO "B32"]
[Time "16:01:09"]
[TimeControl "2700+45"]

1. e4 c5 2. Nf3 Nc6 3. d4 cxd4 4. Nxd4 e5 5. Nb5 d6 6. N1c3 a6 7. Na3 b5 8. Nd5
Nge7 9. c4 Nd4 10. cxb5 Nxd5 11. exd5 Bd7 12. Be3 Nf5 13. Qd2 Nxe3 14. fxe3 f5
15. bxa6 Be7 16. Be2 Bg5 17. O-O O-O 18. Kh1 Qf6 19. Rad1 Qh6 20. Nc4 Rxa6 21.
Nxe5 dxe5 22. Bxa6 Qxa6 23. b3 Qh6 24. Rf3 f4 25. e4 Bg4 26. Rdf1 Bxf3 27. Rxf3
Qa6 28. a4 Rb8 29. Qd1 Rb4 30. Qc2 Be7 31. g3 Qg6 32. gxf4 Rxe4 33. Qf2 Bc5 34.
f5 Qg4 35. Qf1 Re1 {White forfeits on time} 0-1

[Event "Team 45 45 League T42"]
[Site "Internet Chess Club"]
[Date "2009.08.15"]
[Round "3"]
[White "snottgoblin"]
[Black "cesaralexander"]
[Result "0-1"]
[WhiteElo "2007"]
[BlackElo "2082"]
[Opening "English: symmetrical variation"]
[ECO "A30"]
[Time "22:06:59"]
[TimeControl "2700+45"]

1. c4 c5 2. g3 g6 3. Bg2 Bg7 4. Nf3 Nc6 5. O-O Nf6 6. d4 cxd4 7. Nxd4 O-O 8. Nc3
Nxd4 9. Qxd4 d6 10. Qh4 Qa5 11. Bg5 Qe5 12. Rad1 Be6 13. Rd2 Rac8 14. Rd4 a6 15.
Rfd1 Rc7 16. R1d3 b5 17. cxb5 axb5 18. a3 Rc4 19. Rxc4 bxc4 20. Re3 Qc5 21. Bxf6
Bxf6 22. Qh6 Bg5 23. Qxf8+ Kxf8 24. Ne4 Qa5 25. Nxg5 Qxg5 26. h4 Qa5 27. Rc3 d5
28. e3 Bf5 29. Bf3 Be4 30. Bxe4 dxe4 31. Rxc4 f5 32. Rb4 Qc5 33. Kg2 Kf7 34. Rd4
Qc1 35. Rb4 Ke6 36. a4 Kd6 37. Rb6+ Kc7 38. a5 e5 39. b4 f4 40. b5 f3+ 41. Kh3
Kd7 42. Rb7+ Kc8 43. Rxh7 Qf1+ 44. Kg4 Qxb5 45. Rg7 Qxa5 46. Rxg6 Kd7 47. h5 Ke7
48. Kf5 Kf7 49. Kxe4 Qa8+ 50. Kxe5 Qa5+ 51. Kf4 Qxh5 52. Ra6 Qd5 53. e4 Qd2+ 54.
Ke5 Qxf2 55. Rf6+ Kg7 56. g4 Qb2+ {White resigns} 0-1

[Event "Team 45 45 League T42"]
[Site "Internet Chess Club"]
[Date "2009.08.17"]
[Round "3"]
[White "irock"]
[Black "trucazzo"]
[Result "1-0"]
[WhiteElo "1683"]
[BlackElo "2075"]
[Opening "Scandinavian (center counter) defense"]
[ECO "B01"]
[Time "16:08:19"]
[TimeControl "2700+45"]

1. e4 d5 2. exd5 Qxd5 3. Nc3 Qd8 4. g3 c6 5. Bg2 g6 6. Nf3 Bg7 7. d4 Bg4 8. Ne2
e5 9. Nxe5 Bxe5 10. dxe5 Qa5+ 11. Bd2 Qxe5 12. Bc3 Qxe2+ 13. Qxe2+ Bxe2 14. Kxe2
f6 15. Rad1 Nd7 16. Rd6 Ke7 17. Rhd1 Nb6 18. g4 Re8 19. Kf1 g5 20. Bd4 Kf7 21.
Re1 Nc4 22. Rd7+ Ne7 23. Rxb7 Nd6 24. Rd7 Nc8 25. Bxc6 Rd8 26. Bc5 Rxd7 27. Bxd7
Rd8 28. Be6+ Kg6 29. Ke2 f5 30. Rd1 Rxd1 31. Kxd1 fxg4 32. Bxg4 h5 33. Bxc8 Nxc8
34. Ke2 Kf5 35. Kf3 Ke5 36. Kg3 Kd5 37. b4 Ke5 38. h4 g4 39. f3 gxf3 40. Kxf3
Kf5 41. a4 Ke5 42. c4 Kf5 43. a5 a6 44. b5 axb5 45. cxb5 Ke5 46. b6 Kd5 47. b7
{Black resigns} 1-0

[Event "Team 45 45 League T42"]
[Site "Internet Chess Club"]
[Date "2009.08.16"]
[Round "3"]
[White "markgravitygood"]
[Black "kenjr"]
[Result "1-0"]
[WhiteElo "2003"]
[BlackElo "1886"]
[Opening "Queen's pawn: Torre attack"]
[ECO "A46"]
[Time "10:04:21"]
[TimeControl "2700+45"]

1. d4 Nf6 2. Nf3 e6 3. Bg5 c5 4. e3 cxd4 5. exd4 Be7 6. Bd3 Nc6 7. c3 d5 8. Nbd2
h6 9. Bh4 Bd7 10. O-O O-O 11. Ne5 Nxe5 12. dxe5 Nh7 13. Bxe7 Qxe7 14. f4 f5 15.
Nf3 g5 16. Nd4 g4 17. Qb3 Rab8 18. a4 Qc5 19. Bb5 Rf7 20. Kh1 Nf8 21. Qc2 a6 22.
Bxd7 Rxd7 23. Qf2 Qe7 24. Qg3 h5 25. Qd3 Qh7 26. a5 Rc8 27. Ra4 Rcc7 28. Rb4 Rc5
29. Ra1 Rdc7 30. Rb6 Qf7 31. Qg3 Re7 32. Qh4 Rcc7 33. Qg5+ Qg6 34. Qxg6+ Nxg6
35. Nxf5 exf5 36. Rxg6+ Rg7 37. Rd6 Rgd7 38. Rd1 Rxd6 39. exd6 Rd7 40. Rxd5 Kg7
41. c4 Kf6 42. c5 h4 43. Kg1 Ke6 44. Re5+ Kf6 45. Kf2 h3 46. gxh3 gxh3 47. Kg3
Rg7+ 48. Kxh3 Rg1 49. Rd5 Rg8 50. d7 Rd8 51. Rd6+ Ke7 52. Kh4 Rh8+ 53. Kg5 Kd8
54. h4 Rg8+ 55. Kxf5 Rg2 56. b4 Rb2 57. Rd4 Rg2 58. Kf6 Rg8 59. h5 Rh8 60. Kg6
Rg8+ 61. Kf7 Rg4 62. h6 Rh4 63. Kg6 Rg4+ 64. Kh5 Rg1 65. f5 Rg8 66. h7 Rh8 67.
Kg6 {Black resigns} 1-0

[Event "Team 45 45 League T42"]
[Site "Internet Chess Club"]
[Date "2009.08.13"]
[Round "3"]
[White "Spencer"]
[Black "charles-allen"]
[Result "0-1"]
[WhiteElo "1782"]
[BlackElo "1890"]
[Opening "Petrov: Nimzovich attack"]
[ECO "C42"]
[Time "21:00:10"]
[TimeControl "2700+45"]

1. e4 e5 2. Nf3 Nf6 3. Nxe5 d6 4. Nf3 Nxe4 5. Nc3 Nxc3 6. dxc3 Be7 7. Bd3 Nd7 8.
Be3 O-O 9. O-O Re8 10. Qd2 Nf6 11. Ng5 d5 12. Rad1 h6 13. Nf3 Bg4 14. Be2 c5 15.
Ne5 Bxe2 16. Qxe2 Bd6 17. Ng4 Nxg4 18. Qxg4 Re4 19. Qf3 Qc7 20. g3 Qc6 21. Rd2
Rae8 22. Rfd1 d4 23. cxd4 Rxe3 24. Qxc6 Re1+ 25. Rxe1 Rxe1+ 26. Kg2 bxc6 27.
dxc5 Bxc5 28. Rd8+ Kh7 29. Kf3 g5 30. Rd7 Re7 31. Rd3 h5 32. Rc3 Bd4 33. Rxc6
Bxb2 34. c4 g4+ 35. Kg2 f6 36. Rc8 Bd4 37. c5 Re2 38. c6 Rxf2+ 39. Kh1 Rf1+ 40.
Kg2 Rg1# {White checkmated} 0-1

[Event "Team 45 45 League T42"]
[Site "Internet Chess Club"]
[Date "2009.08.16"]
[Round "3"]
[White "Portola"]
[Black "jolin54"]
[Result "1/2-1/2"]
[WhiteElo "1722"]
[BlackElo "1422"]
[Opening "Torre attack (Tartakower variation)"]
[ECO "D03"]
[Time "19:00:15"]
[TimeControl "2700+45"]

1. d4 d5 2. Nf3 Nf6 3. Bg5 Nbd7 4. Nbd2 h6 5. Bh4 e6 6. e3 Be7 7. Bd3 c5 8. c3
b6 9. Qc2 Bb7 10. O-O c4 11. Be2 O-O 12. h3 Ne4 13. Bxe7 Qxe7 14. Nxe4 dxe4 15.
Nd2 b5 16. Nxe4 f5 17. Ng3 Qg5 18. Kh2 Rf6 19. f4 Qh4 20. Bh5 g6 21. Bf3 Bxf3
22. Rxf3 g5 23. Qf2 g4 24. Ne2 Qh5 25. Rg3 Rg6 26. Rh1 Nf6 27. Kg1 Ne4 28. Qe1
Nxg3 29. Qxg3 gxh3 30. Rxh3 Rxg3 31. Rxh5 Rxe3 32. Kf2 Rd3 33. Rxh6 Kf7 34. Rh7+
Kg6 35. Rb7 a6 36. Rb6 Kf6 37. Ke1 Re3 38. Kf2 Rd3 39. Ke1 Re3 40. Kf2 Rd3 41.
Ke1 Re3 {Game drawn by repetition} 1/2-1/2

[Event "Team 45 45 League T42"]
[Site "Internet Chess Club"]
[Date "2009.08.17"]
[Round "3"]
[White "Despair"]
[Black "awb"]
[Result "1/2-1/2"]
[WhiteElo "1954"]
[BlackElo "1704"]
[Opening "Benko's opening"]
[ECO "A00"]
[Time "20:17:32"]
[TimeControl "2700+45"]

1. g3 d5 2. Bg2 Nf6 3. c4 c6 4. cxd5 cxd5 5. b3 e6 6. Bb2 Bd6 7. Nc3 Nc6 8. Rc1
Bd7 9. Nb5 Be7 10. Bxf6 gxf6 11. Nf3 a6 12. Nbd4 Nb4 13. a3 Nc6 14. b4 a5 15.
Nxc6 Bxc6 16. Nd4 Bd7 17. Qb3 axb4 18. axb4 Qb6 19. Nc2 Ba4 20. Qa3 O-O 21. Qe3
Qc6 22. Qc3 Bxc2 23. Rxc2 Bxb4 24. Qxc6 bxc6 25. e4 dxe4 26. Bxe4 Ra1+ 27. Ke2
Rxh1 28. Bxh1 c5 29. Ra2 Kg7 30. h4 Rd8 31. d3 Kg6 32. Bg2 Kf5 33. Be4+ Ke5 34.
f4+ Kd4 35. Ra7 c4 36. Rxf7 f5 37. Bf3 cxd3+ 38. Kf2 Bc5 39. Rxh7 Kc3+ 40. Kg2
Kd2 41. h5 Ke1 42. Rc7 Ba3 43. Ra7 Bb2 44. Re7 Rd6 45. Rb7 Bc1 46. Rc7 d2 47. h6
d1=Q 48. Bxd1 Kxd1 49. h7 Bb2 50. Rc8 Kd2 51. h8=Q Bxh8 52. Rxh8 Ke3 53. Ra8 Ke4
54. Ra4+ Rd4 55. Rxd4+ Kxd4 56. Kf3 e5 57. fxe5 Kxe5 58. g4 fxg4+ 59. Kxg4 {Game
drawn because neither player has mating material} 1/2-1/2

[Event "Team 45 45 League T42"]
[Site "Internet Chess Club"]
[Date "2009.08.14"]
[Round "3"]
[White "fishhead"]
[Black "makramkozman"]
[Result "1-0"]
[WhiteElo "1885"]
[BlackElo "1708"]
[Opening "Ruy Lopez: ...b5 & ...d6"]
[ECO "C78"]
[Time "17:01:08"]
[TimeControl "2700+45"]

1. e4 e5 2. Nf3 Nc6 3. Bb5 Nf6 4. O-O a6 5. Ba4 b5 6. Bb3 d6 7. c3 Be7 8. h3 O-O
9. d4 exd4 10. cxd4 Nxe4 11. Bd5 Nxf2 12. Rxf2 Bb7 13. Nc3 Bf6 14. Ne4 a5 15.
Nxf6+ Qxf6 16. Ne5 Qh4 17. Nxc6 Bc8 18. Ne7+ Qxe7 19. Bxa8 Bxh3 20. Bf3 {Black
resigns} 1-0

[Event "Team 45 45 League T42"]
[Site "Internet Chess Club"]
[Date "2009.08.17"]
[Round "3"]
[White "BigH"]
[Black "CREDITorDEBIT"]
[Result "1-0"]
[WhiteElo "1731"]
[BlackElo "1788"]
[Opening "QGD Slav/Grünfeld: Schlechter variation"]
[ECO "D15"]
[Time "14:29:06"]
[TimeControl "2700+45"]

1. Nf3 Nf6 2. c4 c6 3. d4 d5 4. Nc3 g6 5. Bf4 Bg7 6. e3 O-O 7. Rc1 Nh5 8. Bg3
Bg4 9. Qb3 b6 10. cxd5 Nxg3 11. hxg3 cxd5 12. Qxd5 Nd7 13. a3 Be6 14. Qe4 Rc8
15. Ng5 Bf5 16. Qh4 h6 17. g4 Be6 18. Nxe6 fxe6 19. g5 hxg5 20. Qh7+ Kf7 21. Bd3
Rg8 22. Qxg6+ Kf8 23. Qxe6 Bf6 24. Bc4 Kg7 25. Qf7# {Black checkmated} 1-0

[Event "Team 45 45 League T42"]
[Site "Internet Chess Club"]
[Date "2009.08.17"]
[Round "3"]
[White "Mater"]
[Black "quotha"]
[Result "1-0"]
[WhiteElo "1607"]
[BlackElo "1654"]
[Opening "QGD: classical variation (5.Bf4)"]
[ECO "D37"]
[Time "18:00:28"]
[TimeControl "2700+45"]

1. d4 d5 2. c4 e6 3. Nc3 Nf6 4. Nf3 Be7 5. Bf4 a6 6. e3 O-O 7. c5 Bd7 8. Bd3 Nc6
9. a3 Nh5 10. Be5 g6 11. b4 f6 12. Bg3 Qe8 13. Bxc7 Rc8 14. Bg3 Qf7 15. Na4 e5
16. dxe5 fxe5 17. O-O Qe6 18. Bc2 e4 19. Bb3 {Black resigns} 1-0

[Event "Team 45 45 League T42"]
[Site "Internet Chess Club"]
[Date "2009.08.14"]
[Round "3"]
[White "TheronUAL"]
[Black "EyeAm"]
[Result "1-0"]
[WhiteElo "1480"]
[BlackElo "1521"]
[Opening "Giuoco Piano: four knights variation"]
[ECO "C47"]
[Time "14:01:18"]
[TimeControl "2700+45"]

1. e4 e5 2. Nc3 Nf6 3. Nf3 Nc6 4. Bc4 Bc5 5. Nxe5 Nxe5 6. d4 Nxc4 7. dxc5 O-O 8.
b3 Ne5 9. Bb2 Re8 10. O-O Qe7 11. Re1 Qxc5 12. Nd5 Nfg4 13. Bd4 Qd6 14. h3 c5
15. Bb2 Nf6 16. c4 Nxd5 17. exd5 Kf8 18. Qh5 Qg6 19. Qe2 d6 20. Bxe5 Bxh3 21.
Bxd6+ Qxd6 22. Qd3 Qg6 23. Qxh3 f6 24. Rad1 Rxe1+ 25. Rxe1 Re8 26. Rxe8+ Qxe8
27. Qe6 Qxe6 28. dxe6 Ke7 29. Kf1 Kxe6 30. Ke2 Ke5 31. Ke3 g5 32. g4 h6 33. f3
a6 34. a3 b6 35. b4 f5 36. b5 axb5 37. cxb5 c4 38. a4 f4+ 39. Kd2 Kd4 40. a5 Kc5
41. a6 {Black resigns} 1-0

[Event "Team 45 45 League T42"]
[Site "Internet Chess Club"]
[Date "2009.08.16"]
[Round "3"]
[White "SATELLITE-DAN"]
[Black "dscvdchk"]
[Result "1-0"]
[WhiteElo "1722"]
[BlackElo "1588"]
[Opening "Petrov: classical attack, Marshall variation"]
[ECO "C42"]
[Time "01:00:29"]
[TimeControl "2700+45"]

1. e4 e5 2. Nf3 Nf6 3. Nxe5 d6 4. Nf3 Nxe4 5. d4 d5 6. Bd3 Bd6 7. c4 c6 8. Nc3
Bf5 9. cxd5 Nxc3 10. bxc3 Bxd3 11. Qxd3 Qe7+ 12. Be3 cxd5 13. Qb5+ Qd7 14. Qxd5
O-O 15. Ne5 Bxe5 16. Qxe5 Nc6 17. Qg3 Rfe8 18. O-O Qe6 19. Rfe1 Qf6 20. Rab1 b6
21. Bg5 Qg6 22. Qc7 h6 23. Bf4 Rec8 24. Qd7 Kh7 25. Rbc1 Rd8 26. Qh3 Rd5 27. Qf3
Rad8 28. Qe4 Qxe4 29. Rxe4 R8d7 30. Re2 Re7 31. Rxe7 Nxe7 32. Re1 Rd7 33. a4 Nd5
34. Bd2 a5 35. c4 Nf6 36. d5 Rc7 37. Rc1 Ne4 38. Be3 Nc5 39. Bxc5 Rxc5 40. f4
Kg6 41. Kf2 Kf5 42. Ke3 Rc8 43. g3 g5 44. fxg5 Re8+ 45. Kd3 Kxg5 46. Rf1 f5 47.
Rf4 h5 48. Kd4 Re1 49. d6 Kf6 50. Kd5 Re5+ 51. Kc6 Ke6 52. Rd4 {Black resigns}
1-0

[Event "Team 45 45 League T42"]
[Site "Internet Chess Club"]
[Date "2009.08.15"]
[Round "3"]
[White "UriahHeep"]
[Black "alaskauk"]
[Result "0-1"]
[WhiteElo "1410"]
[BlackElo "1517"]
[Opening "Caro-Kann: exchange variation"]
[ECO "B13"]
[Time "12:00:12"]
[TimeControl "2700+45"]

1. e4 c6 2. d4 d5 3. exd5 cxd5 4. Nf3 Nc6 5. Bb5 Bd7 6. Nc3 a6 7. Be2 e6 8. O-O
Nf6 9. Bg5 Be7 10. a3 O-O 11. Qd2 Rc8 12. Rfe1 Kh8 13. Bd3 Qc7 14. Ne2 Rfe8 15.
Ng3 g6 16. Rac1 Ng8 17. c3 Na5 18. Bc2 Nc4 19. Qe2 Qd8 20. Bxe7 Qxe7 21. Rb1 Bb5
22. Bd3 Nxa3 23. bxa3 Bxd3 24. Qxd3 Qxa3 25. Rbc1 Rc4 26. Ne5 Rc7 27. Qf3 Ree7
28. c4 Qxf3 29. gxf3 f6 30. Ng4 dxc4 31. Ne3 b5 32. d5 exd5 33. Nxd5 Rxe1+ 34.
Rxe1 Rd7 35. Nc3 Rd6 36. Re8 Kg7 37. Ra8 Rd3 38. Ra7+ Kh6 39. Nce4 c3 40. Nxc3
Rxc3 41. Rxa6 Rxf3 42. Rb6 Rb3 43. Ne4 b4 44. Nxf6 Nxf6 45. Rxf6 Rb1+ 46. Kg2 b3
47. Rb6 Kh5 48. Rb5+ g5 49. Rb4 h6 50. Kg3 b2 51. Kf3 Kg6 52. h3 h5 53. Rb6+ Kf5
54. Rb5+ Ke6 55. Rb6+ Kd5 56. Rb5+ Kc4 57. Rb7 Rh1 58. Rxb2 Rxh3+ 59. Kg2 Rd3
60. Rb1 Kd4 61. Rh1 h4 62. Rh2 Ke4 63. Rh1 h3+ 64. Rxh3 Rxh3 65. Kxh3 Kf3 66.
Kh2 Kxf2 67. Kh3 Kf3 68. Kh2 g4 69. Kg1 Kg3 70. Kh1 Kf2 71. Kh2 g3+ 72. Kh1 g2+
{White resigns} 0-1

[Event "Team 45 45 League T42"]
[Site "Internet Chess Club"]
[Date "2009.08.16"]
[Round "3"]
[White "malihini"]
[Black "arconia"]
[Result "0-1"]
[WhiteElo "1250"]
[BlackElo "1380"]
[Opening "Sicilian: Alapin's variation (2.c3)"]
[ECO "B22"]
[Time "20:01:01"]
[TimeControl "2700+45"]

1. e4 c5 2. c3 Nc6 3. Nf3 e6 4. d4 cxd4 5. cxd4 d6 6. Nc3 Be7 7. Bc4 Nf6 8. Bf4
d5 9. Bb5 Nxe4 10. Ne5 Bd7 11. Nxd7 Qa5 12. Bd2 Nxc3 13. bxc3 Qxb5 14. Rb1 Nb4
15. a3 Nd3+ 16. Kf1 Qxd7 17. Qe2 Nxf2 18. Kxf2 O-O 19. Rb3 Rac8 20. Rhb1 Rb8 21.
Bf4 Bd6 22. Bxd6 Qxd6 23. Rxb7 Rxb7 24. Rxb7 Qxh2 25. Rxa7 h5 26. Qa6 h4 27. Ra8
Qg3+ 28. Kg1 Rxa8 29. Qxa8+ Kh7 30. Qa6 Qxc3 31. Qf1 Qxd4+ 32. Kh2 f5 33. Qf3
Qe5+ 34. Kh3 Kh6 35. Kxh4 Qh2+ 36. Qh3 Qxh3+ 37. gxh3 d4 {White resigns} 0-1

[Event "Team 45 45 League T42"]
[Site "Internet Chess Club"]
[Date "2009.08.16"]
[Round "3"]
[White "seldredg"]
[Black "dpmdpm"]
[Result "1-0"]
[WhiteElo "1415"]
[BlackElo "1270"]
[Opening "QGD: Tarrasch defense"]
[ECO "D32"]
[Time "12:00:27"]
[TimeControl "2700+45"]

1. d4 d5 2. c4 e6 3. Nc3 c5 4. cxd5 exd5 5. Nf3 Nf6 6. Bg5 Be7 7. Qc2 Nc6 8. Rd1
Be6 9. e3 cxd4 10. Nxd4 Nxd4 11. Rxd4 h6 12. Bh4 Rc8 13. Qb3 Qd7 14. Bb5 Rc6 15.
Bxc6 Qxc6 16. O-O O-O 17. Rc1 Bc5 18. Bxf6 Bxd4 19. Bxd4 Rc8 20. h3 a6 21. Qd1
Qd7 22. Qf3 b5 23. b4 a5 24. Qg3 f6 25. a3 axb4 26. axb4 Qe7 27. Rb1 Rc4 28.
Qb8+ Kf7 29. Qxb5 Rc7 30. Nxd5 Bxd5 31. Qxd5+ Kg6 32. Bc5 Qf7 33. Qxf7+ Kxf7
{Black resigns} 1-0

[Event "Team 45 45 League T42"]
[Site "Internet Chess Club"]
[Date "2009.08.13"]
[Round "3"]
[White "rubo"]
[Black "TheronUAL"]
[Result "1-0"]
[WhiteElo "1692"]
[BlackElo "1460"]
[Opening "Bird's opening"]
[ECO "A03"]
[Time "23:45:07"]
[TimeControl "2700+45"]

1. f4 d5 2. Nf3 Nf6 3. e3 Bg4 4. Be2 c5 5. O-O e6 6. b3 Be7 7. Bb2 Nc6 8. Bb5
O-O 9. Bxc6 bxc6 10. d3 Qb6 11. Qe1 c4 12. dxc4 Ne4 13. Ne5 Bh5 14. Nd7 Qb7 15.
Nxf8 Kxf8 16. Nd2 Bg6 17. cxd5 cxd5 18. g4 Bb4 19. c3 Bxc3 20. Bxc3 Nxc3 21. Nf3
Rc8 22. Nd4 Be4 23. Qd2 Qa6 24. Rfc1 e5 25. fxe5 Qg6 26. h3 Qh6 27. Kh2 Qg5 28.
Qf2 Qxe5+ 29. Qf4 Qe7 30. Nb5 Qb4 31. Qd6+ Qxd6+ 32. Nxd6 Rd8 33. Nxf7 Kxf7 34.
Rxc3 Ke6 35. Rf1 d4 36. exd4 Rxd4 37. Rf2 g5 38. Re3 Kd5 39. Rfe2 a6 40. Kg3 h6
41. Kf2 a5 42. a3 Ke5 43. Rxe4+ Rxe4 44. Re3 Kd4 45. Rxe4+ Kxe4 46. Ke2 Kd4 47.
Kd2 Ke4 48. Ke2 Kd4 49. b4 a4 50. Kf3 Kc4 51. Ke4 {Black resigns} 1-0

[Event "Team 45 45 League T42"]
[Site "Internet Chess Club"]
[Date "2009.08.13"]
[Round "3"]
[White "achessfool"]
[Black "rayngrant"]
[Result "0-1"]
[WhiteElo "1483"]
[BlackElo "1615"]
[Opening "French: advance, Paulsen attack"]
[ECO "C02"]
[Time "22:00:54"]
[TimeControl "2700+45"]

1. e4 e6 2. d4 d5 3. e5 c5 4. c3 Nc6 5. Nf3 Qb6 6. a3 cxd4 7. cxd4 Nge7 8. Nc3
Nf5 9. Na4 Qc7 10. b4 Be7 11. Bb2 O-O 12. Rc1 Bd7 13. b5 Rac8 14. bxc6 Bxc6 15.
Bd3 Qa5+ 16. Nc3 Bxa3 17. Bxa3 Qxa3 18. O-O Ba4 19. Qd2 b5 20. Nxb5 Bxb5 21.
Bxb5 Rxc1 22. Rxc1 Rb8 23. h3 g6 24. Bf1 a5 25. Rc5 a4 26. Qc2 Qa1 27. g4 Nxd4
28. Rc8+ Rxc8 29. Qxc8+ Kg7 30. Ng5 Ne2+ 31. Kg2 Nf4+ 32. Kg1 Qxe5 33. Qd8 h6
34. Nf3 Qe4 35. Nd2 Ne2+ 36. Bxe2 Qxe2 37. Qa5 a3 38. Qc3+ e5 39. Nb3 d4 40. Qa5
a2 41. Kg2 Qe4+ 42. f3 Qc2+ 43. Nd2 Qxd2+ 44. Qxd2 a1=Q 45. Qe2 f6 46. Kg3 Qg1+
47. Kh4 g5+ 48. Kh5 Qb1 49. Qa6 Qg6# {White checkmated} 0-1